 Dungeon Crawl Stone Soup version 0.28.0-1-gb440e238dd (webtiles) character file.

Game seed: 1638004573428299308

63 mcwallace the Digger (level 4, -4/22 HPs)
             Began as a Vine Stalker Earth Elementalist on Feb 19, 2022.
             Slain by an orc warrior (16 damage)
             ... on level 3 of the Dungeon.
             The game lasted 00:03:48 (2308 turns).

mcwallace the Digger (VSEE)                         Turns: 2308, Time: 00:03:49

Health: -4/22      AC:  3    Str: 11    XL:     4   Next: 9%
Magic:  0/9        EV: 12    Int: 17    God:
Gold:   76         SH:  0    Dex: 14    Spells: 7/8 levels left

rFire   . . .      SeeInvis .   h - +1 dagger (venom) {short}
rCold   . . .      Faith    .   (no shield)
rNeg    . . .      Spirit   +   b - +0 robe
rPois   .          Reflect  .   (no helmet)
rElec   .          Harm     .   k - +0 cloak
rCorr   .          Rampage  .   (no gloves)
Will    .....                   (no boots)
Stlth   ++........              (no amulet)
HPRegen 0.87/turn               (no ring)
MPRegen 0.11/turn               (no ring)

@: no status effects
A: fangs 2, regeneration 1, magic shield, antimagic bite, no potion heal 2
a: no special abilities


You were on level 3 of the Dungeon.
You visited 1 branch of the dungeon, and saw 3 of its levels.

You collected 76 gold pieces.


Innate Abilities, Weirdness & Mutations

You have extremely sharp teeth.
Your natural rate of healing is unusually fast.
When hurt, damage is shared between your health and your magic reserves.
Your bite disrupts and absorbs the magic of your enemies.
Potions cannot restore your health.


   Skills:
 + Level 1.1 Fighting
 + Level 2.1 Dodging
 - Level 2.4 Stealth
 + Level 2.7 Spellcasting
 + Level 1.8 Transmutations
 + Level 3.4 Earth Magic


You had 7 spell levels left.
You knew the following spells:

 Your Spells              Type           Power      Damage    Failure   Level
a - Sandblast             Erth           28%        2d8       4%          1

Your spell library contained the following spells:

 Spells                   Type           Power      Damage    Failure   Level
 Passwall                 Tmut/Erth      9%         N/A       9%          2
 Stone Arrow              Conj/Erth      16%        3d8       26%         3
 Petrify                  Tmut/Erth      11%        N/A       52%         4

Inventory:

Hand Weapons
 d - a +0 hunting sling {sling}
   (You found it on level 1 of the Dungeon)
 e - a +0 club {mace}
   (You took it off a goblin on level 1 of the Dungeon)
 f - a +0 dagger {short}
   (You took it off a goblin on level 1 of the Dungeon)
 h - a +1 dagger of venom (weapon) {short}
   (You took it off a goblin on level 1 of the Dungeon)
Missiles
 c - 110 stones {throwing}
 i - 44 arrows
 n - 28 bolts
Armour
 b - a +0 robe (worn)
 k - a +0 cloak (worn)
   (You found it on level 1 of the Dungeon)
Scrolls
 g - a scroll of teleportation {unknown}
 m - a scroll of identify {@r1}
Potions
 a - a potion of degeneration {!q@e2}
 j - a potion of mutation {unknown}
 l - 2 potions of lignification {unknown}
 o - 2 potions of curing {unknown}
 q - a potion of berserk rage {unknown}

Dungeon Overview and Level Annotations

Branches:
Dungeon (3/15)

Altars:

### ### #.# ######.# #.#
#......# #.# #.####.# #.#
#.# #.# #@# #.# #.# #o# #.#
#.# ####### ###.# #.# #.#
#.....# #.#.# #.# #.#
#.....# ######.#.###.# #.#
#.....###<...........# #.#
#..<...........##########.#
#.....###.........[..(..#.#
####### #.####.#######.##.#


You could see an orc warrior.


Message History

c - 116 stones {throwing} (gained 11)
You see here a +0 robe.
n - 28 bolts (gained 16)
You see here a +0 plate armour.
Found a stone staircase leading up.
You see here a +0 plate armour.
There is a stone staircase leading down here.
You open the door.
There is an open door here.
The rat bites you. 😕 HP[-2]
You take 2 damage, and now have 20/22 hp.
The blast of sand hits the rat!
You kill the rat! 😕 HP[+1] MP[-1]
You lost 1 mp, and now have 8/9 mp.
Things that are here:
a +0 club {mace}; a +0 dagger {short} You open the door.
There is an open door here.
Done exploring. 😎 HP[+1] MP[+1]
Your hp is fully restored (22).
Your mp is fully restored (9).
Done exploring.
Done exploring.
You open the door.
There is an open door here.
You see here a bat skeleton.
There is an open door here.
There is a shaft here.
You open the door.
There is an open door here.
There is a stone staircase leading down here.
You climb downwards.
Found a stone staircase leading up.
There is a stone staircase leading up here.
The helpless endoplasm fails to defend itself.
You puncture the endoplasm!
You kill the endoplasm!
There is a stone staircase leading up here.
q - a fuming grey potion
o - 2 bubbling clear potions (gained 1)
Found a stone staircase leading up.
An orc warrior comes into view. It is wielding a +0 battleaxe.
The orc warrior shouts!
An orc priest comes into view. It is wielding a +0 war axe.
Okay, then.
You see here a +0 ring mail.
Casting: Sandblast (safe; 4% risk of failure)
Confirm with . or Enter, or press ? or * to list all spells.
Aiming: Sandblast (safe; 4% risk of failure)
Press: ? - help, Shift-Dir - straight line, f - you
Okay, then.
Throw: 2 javelins {throwing}
Press: ? - help, Q - select action, (/) - cycle Shift-Dir - straight line, f - orc warrior
Aim: an orc warrior, wielding a +0 battleaxe and wearing a +0 chain mail (53% to hit)
You throw a javelin {throwing}.
The javelin {throwing} closely misses the orc warrior.
Throw: javelin {throwing}
Press: ? - help, Q - select action, (/) - cycle Shift-Dir - straight line, f/p - orc warrior
Aim: an orc warrior, wielding a +0 battleaxe and wearing a +0 chain mail (53% to hit)
You throw a javelin {throwing}.
The javelin {throwing} barely misses the orc warrior.
You throw a stone {throwing}.
The stone {throwing} closely misses the orc warrior.
You throw a stone {throwing}.
The stone {throwing} closely misses the orc warrior.
The blast of sand hits the orc warrior but does no damage.
The orc warrior hits you with a +0 battleaxe. 😕 HP[-1] MP[-2]
You take 1 damage, and now have 21/22 hp.
You lost 2 mp, and now have 7/9 mp.
The blast of sand hits the orc warrior but does no damage.
The orc warrior closely misses you. 😎 HP[+1] MP[-1]
Your hp is fully restored (22).
You lost 1 mp, and now have 6/9 mp.
The blast of sand misses the orc warrior.
The orc warrior hits you with a +0 battleaxe! 😮 HP[-8] MP[-3]
You take 8 damage, and now have 14/22 hp.
MASSIVE DAMAGE!! (PAUSE)
You lost 3 mp, and now have 3/9 mp.
The orc warrior hits you with a +0 battleaxe!
* * * LOW HITPOINT WARNING * * *
😨 HP[-8] MP[-2]
You take 8 damage, and now have 6/22 hp.
MASSIVE DAMAGE!! (PAUSE)
You lost 2 mp, and now have 1/9 mp. 😨 HP[+1] 😨 HP[+1] 😨 HP[+1] 😨 HP[+1] MP[+1] 😨 HP[+1]
You are too injured to fight recklessly!
As you read the scroll labelled NUURPH UNGIQARE, it crumbles to dust.
It is a scroll of identify.
a - a potion of degeneration The orc warrior hits you with a +0 battleaxe!!
Ouch! That really hurt!
You die...

Skill      XL: |  1  2  3 |
---------------+----------+-----
Fighting       | 1 |  1.1
Dodging        | 2 |  2.1
Stealth        | |  2.4
Spellcasting   | |  2.7
Transmutations | |  1.8
Earth Magic    | |  3.4

Action                   |  1- 3 |  4- 6 || total
-------------------------+-------+-------++-------
Melee: Dagger            |    49 |     1 ||    50
       Bite              |    11 |       ||    11
Throw: Javelin           |       |     2 ||     2
       Stone             |       |     2 ||     2
 Cast: Sandblast         |    34 |     7 ||    41
  Use: Scroll            |       |     1 ||     1
 Stab: Sleeping          |     1 |     1 ||     2
Armor: Robe              |    18 |       ||    18
Dodge: Dodged            |    37 |     1 ||    38

Levels and vault maps discovered:
D:1:      dpeg_arrival_rooms_b, layout_loops_corners, basic_ecumenical_altar,
          bh_walls_and_bars
D:2:      layout_basic, minmay_door_square, kennysheep_decorative_pillar,
          minmay_pentomino_z2
D:3:      layout_basic, mainiacjoe_overflow_paths, elyvilon_altar_3,
          kennysheep_slug_shrine, nicolae_overflow_squiral, uniq_natasha

Notes
Turn   | Place    | Note
-------+----------+-------------------------------------------
     0 | D:1      | mcwallace the Vine Stalker Earth Elementalist began the
                  | quest for the Orb.
     0 | D:1      | Reached XP level 1. HP: 9/9 MP: 4/4
     0 | D:1      | magus.rc [v1.9.6]
   180 | D:1      | Reached XP level 2. HP: 14/14 MP: 3/6
   800 | D:1      | Found a faded altar of an unknown god.
  1056 | D:1      | Reached XP level 3. HP: 17/17 MP: 5/7
  1388 | D:2      | Reached skill level 1 in Fighting
  1388 | D:2      | Reached skill level 2 in Dodging
  1800 | D:2      | Gained mutation: Your natural rate of healing is unusually
                  | fast. [Vine Stalker growth]
  1800 | D:2      | Reached XP level 4. HP: 20/22 MP: 4/9
  2278 | D:3      | Noticed an orc warrior
  2308 | D:3      | Slain by an orc warrior

Vanquished Creatures
  An adder (D:2)
  A worm (D:2)
  2 dart slugs (D:1)
  A ball python (D:2)
  6 endoplasms
  2 hobgoblins
  6 jackals (D:2)
  2 quokkas (D:1)
  5 bats
  2 frilled lizards (D:1)
  6 goblins
  2 kobolds
  7 rats
43 creatures vanquished.

Table legend:
 A = Non-vault XP
 B = Vault XP
 C = Vault XP percentage of total XP
 D = Non-vault monster count
 E = Vault monster count
 F = Vault count percentage of total count
                 A         B        C        D         E       F
            +---------+---------+-------+---------+---------+-------
      Total |      88 |       2 |   2.2 |      42 |       1 |   2.3
            +---------+---------+-------+---------+---------+-------
        D:1 |      37 |       0 |   0.0 |      21 |       0 |   0.0
        D:2 |      49 |       2 |   3.9 |      20 |       1 |   4.8
        D:3 |       2 |       0 |   0.0 |       1 |       0 |   0.0
            +---------+---------+-------+---------+---------+-------

Illustrated notes

Table legend:
 A = Kills in this place as a percentage of kills in entire the game.
 B = Kills by you in this place as a percentage of kills by you in the entire game.
 C = Kills by friends in this place as a percentage of kills by friends in the entire game.
 D = Other kills in this place as a percentage of other kills in the entire game.
 E = Experience gained in this place as a percentage of experience gained in the entire game.
 F = Experience gained in this place divided by the number of levels of this place that you have seen.
                   A       B       C       D       E      F
               +-------+-------+-------+-------+-------+----------------------
         Total | 100.0 | 100.0 |   N/A |   N/A | 100.0 |  30.0
       Dungeon | 100.0 | 100.0 |   N/A |   N/A | 100.0 |  30.0
               +-------+-------+-------+-------+-------+----------------------

Table legend: (Time is in decaauts)
 A = Elapsed time spent in this place.
 B = Non-inter-level travel time spent in this place.
 C = Inter-level travel time spent in this place.
 D = Time resting spent in this place.
 E = Time spent auto-exploring this place.
 F = Levels seen in this place.
 G = Mean time per level.
                   A        B        C        D        E       F      G
               +--------+--------+--------+--------+--------+-----+--------+
         Total |   2307 |   2215 |     92 |      0 |   1945 |   3 |  769.0 |
       Dungeon |   2307 |   2215 |     92 |      0 |   1945 |   3 |  769.0 |
               +--------+--------+--------+--------+--------+-----+--------+

Top non-repeatable levels by time:
     D:1: 1320 daAuts
     D:2: 892 daAuts
     D:3: 94 daAuts
